 Dungeon Crawl Stone Soup version 0.32-a0-886-g41c5271027 (webtiles) character file.

Game seed: 13129993219494587445

2086 timneilson the Ruffian (level 9, -2/58 HPs)
             Began as an Octopode Shapeshifter on Apr 2, 2024.
             Was an Initiate of Gozag.
             Slain by a gargoyle
             ... wielding a +0 mace
              (11 damage)
             ... on level 7 of the Dungeon.
             The game lasted 00:14:26 (5966 turns).

timneilson the Ruffian (Octopode Shapeshifter)      Turns: 5966, Time: 00:14:26

Health: -2/58      AC:  5    Str: 20    XL:     9   Next: 27%
Magic:  9/9        EV: 14    Int: 24    God:    Gozag
Gold:   278        SH:  0    Dex: 12    Spells: 6/8 levels left

rFire   . .          .
                       - Unarmed
rCold   . . .        (no shield)
rNeg    . . .        (helmet currently unavailable)
rPois   +            (no amulet)
rElec   .            i - ring "Ciprinex" {Str+3 Int+6 Stlth+}
rCorr   .            l - ring of wizardry
SInv    .            k - +6 ring of intelligence
Will    .....        r - +4 ring of protection
Stlth   +++++        s - +4 ring of slaying
HPRegen 0.29/turn    w - ring of poison resistance
MPRegen 0.11/turn    (no ring)
                     (no ring)

%: wizardry (x1)
@: beast-form
A: beast (slay +3), almost no armour, amphibious, 8 rings, camouflage 1,
gelatinous body 1, (nimble swimmer 1), tentacles
a: Begin Untransformation, Renounce Religion, Potion Petition, Call Merchant,
Bribe Branch


You were on level 7 of the Dungeon.
You worshipped Gozag.
Gozag was aware of your devotion.
You were a hulking beast.
You visited 2 branches of the dungeon, and saw 8 of its levels.
You also visited: Ossuary.

You collected 432 gold pieces.
You paid 154 gold pieces to Gozag.

Inventory:

Missiles
 j - 8 poisoned darts (quivered)
 t - a throwing net
Jewellery
 i - the ring "Ciprinex" (left tentacle) {Str+3 Int+6 Stlth+}
   (You found it on level 4 of the Dungeon)

   [ring of intelligence]

   Str+3:     It affects your strength (+3).
   Int+6:     It affects your intelligence (+6).
   Stlth+:    It makes you more stealthy.
 k - a +6 ring of intelligence (on tentacle)
 l - a ring of wizardry (right tentacle)
 r - a +4 ring of protection (on tentacle)
 s - a +4 ring of slaying (on tentacle)
 w - a ring of poison resistance (on tentacle)
Talismans
 b - a beast talisman (active)
 c - a flux talisman
Wands
 f - a wand of warping (20)
 m - a wand of flame (12)
Scrolls
 d - a scroll of fog
 n - a scroll of brand weapon
 o - 3 scrolls of teleportation
 u - a scroll of fear
 x - 2 scrolls of noise {unknown}
Potions
 a - 3 potions of lignification
 e - a potion of curing
 g - 4 potions of heal wounds
 h - a potion of invisibility
 p - a potion of enlightenment {unknown}
 q - 4 potions of haste
 v - a potion of brilliance {unknown}


   Skills:
 + Level 4.1 Fighting
 * Level 6.0 Dodging
 + Level 5.3 Stealth
 * Level 6.3 Unarmed Combat
 + Level 3.8 Evocations
 * Level 5.9 Shapeshifting


You had 6 spell levels left.
You knew the following spells:

 Your Spells              Type           Power      Damage    Failure   Level
a - Lesser Beckoning      Tloc           0%         N/A       9%          2

Your spell library contained the following spells:

 Spells                   Type           Power      Damage    Failure   Level
 Magic Dart               Conj           0%         1d3       6%          1
 Searing Ray              Conj           0%         2d4       9%          2
 Maxwell's Portable Pile  Tloc           0%         2d(5-13)  17%         3
 Teleport Other           Tloc           0%         N/A       17%         3
 Brom's Barrelling Bould  Conj/Erth      0%         2d3       47%         4
 Fulminant Prism          Conj/Alch      0%         3d5       47%         4
 Fireball                 Conj/Fire      0%         3d3       82%         5
 Iskenderun's Battlesphe  Conj           0%         2d6       82%         5
 Conjure Ball Lightning   Conj/Air       0%         3x3d6     100%        6
 Orb of Destruction       Conj           0%         9d5       100%        7


Dungeon Overview and Level Annotations

Branches:
Dungeon (7/15)             Temple (1/1) D:7         Ossuary (visited)

Altars:
Ashenzari
Cheibriados
Dithmenos
Elyvilon
Fedhas
Gozag
Hepliaklqana
Kikubaaqudgha
Makhleb
Nemelex Xobeh
Okawaru
Qazlal
Ru
Sif Muna
Trog
Wu Jian
Xom
Yredelemnul
Zin
The Shining One

Shops:
D:2 =   D:7 !


Innate Abilities, Weirdness & Mutations

You are a hulking beast.
Your limbs bulge with bestial killing power. (Slay +3)
You cannot wear most types of armour.
You are amphibious.
You can wear up to eight rings at the same time.
Your skin changes colour to match your surroundings (Stealth+).
Your rubbery body absorbs attacks. (AC +1, EV +1)
((You are camouflaged when in or above water. (Stealth+)))
You have tentacles for arms and can constrict up to eight enemies at once.


Message History

Found Xoipp's Distillery.
A centaur, an ice beast and a gargoyle come into view.
Found a stone staircase leading down.
Okay, then.
You tentacle-slap the gargoyle. You grab the gargoyle.
The gargoyle is lightly damaged.
You constrict the gargoyle, but do no damage.
The gargoyle hurls a stone arrow at you.
The stone arrow misses you.
You tentacle-slap the gargoyle but do no damage.
The gargoyle is lightly damaged.
You constrict the gargoyle. The gargoyle hits you with a +0 mace!!
You tentacle-slap the gargoyle but do no damage.
The gargoyle is moderately damaged.
You constrict the gargoyle, but do no damage.
The centaur shouts!
The centaur wields a +0 shortbow.
The centaur shoots an arrow.
The arrow closely misses you. The gargoyle hits you with a +0 mace.
You tentacle-slap the gargoyle.
The gargoyle is moderately damaged.
You constrict the gargoyle.
The centaur shoots an arrow.
The arrow hits you!
Unknown command.
You release your grip on the gargoyle.
The centaur shoots an arrow.
The arrow hits you but does no damage.
You bludgeon the gargoyle! You grab the gargoyle.
The gargoyle is severely damaged.
You constrict the gargoyle, but do no damage.
The gargoyle hits you with a +0 mace!
You tentacle-slap the gargoyle but do no damage.
The gargoyle is severely damaged.
You constrict the gargoyle.
The gargoyle hurls a stone arrow at you.
The stone arrow hits you!
* * * LOW HITPOINT WARNING * * *
You tentacle-slap the gargoyle but do no damage.
You squeeze the gargoyle, but do no damage.
The gargoyle is severely damaged.
You constrict the gargoyle. The gargoyle hits you with a +0 mace!
You die...
Your body crumbles into a pile of gold.

.......##.##.........
#....)###.##.####........>
#.....# #.##.# ###....# #
###.... ..##.# ....#.#
.######### #.# ...~P~~
.#......####)# ..~~~
.#...........# ...
.#.#.##.#############.#
.....##.# #..h9c..##
.#.####.# #.####...##...
.#.####.# #.###.........
.#...>..# #.#...........
###.##### ##.#.#..........
#.# #....##......PP~ #.#
#...........P.P~ #.#
#.#######.#P~~~♣ #.# #.#
..P~PP


You could see a gargoyle and a centaur.

Vanquished Creatures
  Prince Ribbit (D:5)
  A hornet (D:6)
  Eustachio (D:4)
  Sigmund (D:4)
  An elf zombie (Ossuary)
  2 bullfrogs (D:7)
  2 scorpions (D:5)
  A howler monkey (D:6)
  A crimson imp (D:6)
  A bombardier beetle (D:4)
  5 centaur zombies (Ossuary)
  2 human zombies (Ossuary)
  3 hounds
  2 orc priests (D:5)
  A jelly (D:6)
  Jessica (D:2)
  2 iguanas
  2 sleepcaps (D:6)
  An orc wizard (D:6)
  3 hound zombies (Ossuary)
  2 mummies (Ossuary)
  4 gnolls (D:6)
  8 adders
  5 shadow imps
  3 white imps (D:4)
  2 ufetubi
  5 adder zombies (Ossuary)
  3 dart slugs
  3 ribbon worms
  18 orcs
  7 ball pythons
  4 bats
  12 endoplasms
  5 giant cockroaches
  7 goblins
  5 hobgoblins
  13 kobolds
  3 quokkas
  4 frilled lizards
  4 gnoll zombies (Ossuary)
  5 jackal zombies (Ossuary)
  4 kobold zombies (Ossuary)
  8 orc zombies (Ossuary)
  A quokka zombie (D:5)
  4 rats (D:2)
  A rat zombie (D:5)
174 creatures vanquished.

Vanquished Creatures (others)
  A kobold (D:4)
1 creature vanquished.

Grand Total: 175 creatures vanquished

Notes
Turn   | Place    | Note
-------+----------+-------------------------------------------
     0 | D:1      | timneilson the Octopode Shapeshifter began the quest for
                  | the Orb.
     0 | D:1      | Reached XP level 1. HP: 13/13 MP: 1/1
   214 | D:1      | Reached XP level 2. HP: 17/18 MP: 2/2
   475 | D:1      | Reached XP level 3. HP: 23/23 MP: 3/3
   766 | D:2      | Reached skill level 1 in Stealth
   771 | D:2      | Found a sacrificial altar of Ru.
   974 | D:2      | Noticed Jessica
   981 | D:2      | Killed Jessica
   982 | D:2      | Reached XP level 4. HP: 21/29 MP: 4/4
  1217 | D:2      | Found Noptutt's Jewellery Shoppe.
  1406 | D:3      | Learned a level 2 spell: Lesser Beckoning
  1885 | D:3      | Found a hazy altar of Hepliaklqana.
  1899 | D:3      | Reached XP level 5. HP: 3/34 MP: 5/5
  2387 | D:4      | Found an iron altar of Okawaru.
  2390 | D:4      | Identified the +4 hand axe of Wihe {freeze, ^Fragile rC+
                  | rN+ Will++}
  2392 | D:4      | Identified the ring "Ciprinex" {Str+3 Int+6 Stlth+}
  2553 | D:4      | Reached skill level 1 in Evocations
  2702 | D:4      | Reached XP level 6. HP: 31/39 MP: 6/6
  2724 | D:4      | Noticed Sigmund
  2853 | D:4      | Killed Sigmund
  2971 | D:4      | Noticed Eustachio
  2980 | D:4      | Killed Eustachio
  2981 | D:4      | Reached XP level 7. HP: 16/45 MP: 7/7
  3214 | D:4      | Found a shadowy altar of Dithmenos.
  3461 | D:5      | Entered Level 5 of the Dungeon
  3606 | D:5      | Noticed Prince Ribbit
  3715 | D:5      | Found a sand-covered staircase.
  3733 | Ossuary  | Entered an ossuary
  3807 | Ossuary  | Reached skill level 5 in Unarmed Combat
  3865 | Ossuary  | Reached XP level 8. HP: 49/52 MP: 8/8
  4083 | Ossuary  | Reached skill level 5 in Shapeshifting
  4087 | Ossuary  | Reached skill level 5 in Dodging
  4224 | D:5      | Identified the +12 falchion of Honour {freeze, rElec rC+
                  | rN++ Dex+3}
  4657 | D:5      | Killed Prince Ribbit
  4947 | D:6      | Noticed a hornet
  4953 | D:6      | Killed a hornet
  4954 | D:6      | Reached XP level 9. HP: 50/58 MP: 9/9
  5208 | D:6      | Reached skill level 5 in Stealth
  5304 | D:6      | Found a burning altar of Makhleb.
  5543 | D:6      | Identified the +2 dagger "Hodomaj" {drain, Fly Dex+4}
  5694 | D:6      | Found a shimmering altar of Xom.
  5810 | D:7      | Found a staircase to the Ecumenical Temple.
  5822 | Temple   | Entered the Ecumenical Temple
  5843 | Temple   | Became a worshipper of Gozag Ym Sagoz the Greedy
  5926 | D:7      | Found a blossoming altar of Fedhas.
  5934 | D:7      | Found Xoipp's Distillery.
  5951 | D:7      | Noticed a gargoyle
  5966 | D:7      | Slain by a gargoyle

Illustrated notes

Levels and vault maps discovered:
D:1:      eino_arrival_water_cross, layout_loops_ring
D:2:      layout_rooms, serial_shops, nicolae_shop_behind_doors, basic_altar,
          kennysheep_generic_room_16, uniq_jessica
D:3:      layout_basic, lemuel_round_altar, nrook_loot_triangle
D:4:      layout_gridville, nicolae_dithmenos_the_darkroom, okawaru_trees_2,
          serial_demonic, serial_demonic_f, serial_demonic_f, serial_demonic_e,
          serial_demonic_b, serial_demonic_g, kennysheep_generic_room_7,
          uniq_sigmund, uniq_eustachio
D:5:      layout_loops_ring, enter_ossuary_4, uniq_prince_ribbit1
D:6:      layout_loops_ring, kennysheep_mini, makhleb_grotto_becter,
          chequers_mini_garden
D:7:      layout_loops_cross, mainiacjoe_overflow_concentric_impassable,
          minmay_temple_entry_drinking_statues, serial_shops,
          nicolae_shop_tiny_glass, serial_bayou_lagoon_a, uniq_pikel
Temple:   dpeg_chambers_temple

Skill      XL: |  1  2  3  4  5  6  7  8  9 |
---------------+----------------------------+-----
Stealth        | 1 2 3 4 5 |  5.3
Dodging        | 3 4 5 6 |  6.0
Fighting       | 2 3 4 |  4.1
Evocations     | 1 2 3 |  3.8
Unarmed Combat | 4 5 6 |  6.3
Shapeshifting  | 4 5 |  5.9

Action                     |  1- 3 |  4- 6 |  7- 9 || total
---------------------------+-------+-------+-------++-------
  Melee: Unarmed           |    62 |   100 |   189 ||   351
         Constrict         |    15 |    28 |    57 ||   100
         Tentacles         |    11 |    20 |    56 ||    87
         Punch             |     2 |     3 |    11 ||    16
  Evoke: Wand              |       |     1 |       ||     1
    Use: Scroll            |     6 |     1 |     5 ||    12
         Potion            |       |     1 |       ||     1
   Stab: Sleeping          |    10 |     2 |    29 ||    41
         Distracted        |       |     1 |       ||     1
 Armour: Skin              |    19 |    62 |    95 ||   176
  Dodge: Dodged            |    28 |    61 |    91 ||   180

Table legend: (Time is in decaauts)
 A = Elapsed time spent in this place.
 B = Non-inter-level travel time spent in this place.
 C = Inter-level travel time spent in this place.
 D = Time resting spent in this place.
 E = Time spent auto-exploring this place.
 F = Levels seen in this place.
 G = Mean time per level.
                   A        B        C        D        E       F      G
               +--------+--------+--------+--------+--------+-----+--------+
         Total |   5940 |   5733 |    207 |    929 |   3034 |   9 |  660.0 |
       Dungeon |   5437 |   5250 |    187 |    780 |   2960 |   7 |  776.7 |
        Temple |     42 |     22 |     20 |      0 |      0 |   1 |   42.0 |
       Ossuary |    460 |    460 |      0 |    149 |     74 |   1 |  460.0 |
               +--------+--------+--------+--------+--------+-----+--------+

Top non-repeatable levels by time:
     D:3: 1263 daAuts
     D:6: 915 daAuts
     D:5: 886 daAuts
     D:4: 837 daAuts
     D:1: 757 daAuts
     D:2: 593 daAuts
 Ossuary: 460 daAuts
     D:7: 182 daAuts
  Temple: 42 daAuts
